[Event "Wednesday Night Engine Tour 13 rd Swiss 3m+1s Starts at 2200hrs ST"]
[Site "Infinity Chess"]
[Date "2018.1.17"]
[Round "2"]
[White "BraveDevil"]
[Black "KhalidOmar"]
[Result "1/2-1/2"]
[ECO "D31"]
[WhiteElo "2520"]
[BlackElo "2507"]
[WhiteEngine "Cryptic AIL V1"]
[BlackEngine "Eman SL 1.63 64-bit BMI2"]
[EventType "Swiss"]
[WhiteTeam ""]
[BlackTeam ""]
[PlyCount "119"]
[TimeControl "180+1"]

1. d4 d5 2. c4 e6 3. Nc3 c6 4. e4 dxe4 5. Nxe4 Bb4+ 6. Bd2 Qxd4 7. Bxb4 Qxe4+ 
8. Be2 Na6 9. Ba5 b6 10. Qd6 Bd7 11. Bc3 f6 12. O-O-O O-O-O 13. Qa3 Kb7 
14. Bf3 Qf4+ 15. Rd2 Qc7 16. Ne2 e5 17. Rhd1 Nh6 18. Ng3 Bg4 19. Bxg4 Nxg4 
20. Ne4 Rxd2 21. Rxd2 Rd8 22. c5 Rxd2 23. Bxd2 Nxc5 24. Nxc5+ bxc5 25. Qxc5 f5 
26. Bc3 Qb6 27. Qe7+ Ka6 28. h3 Nxf2 29. Qa3+ Kb7 30. Qe7+ Ka6 31. Qa3+ Kb7 
32. Qe7+ Qc7 33. Qxc7+ Kxc7 34. Bxe5+ Kd7 35. Kc2 g5 36. Bd4 Ne4 37. Bxa7 c5 
38. a4 Kc6 39. b4 cxb4 40. Kb3 f4 41. Kxb4 h5 42. Kc4 Nd6+ 43. Kd3 g4 44. Bg1 f3 
45. gxf3 gxh3 46. Ke3 Nc4+ 47. Kf2 h2 48. Bxh2 Kb6 49. f4 Nd2 50. f5 Ne4+ 
51. Kf3 Ng5+ 52. Kg3 Ka5 53. Kh4 Ne4 54. Be5 Kxa4 55. Kxh5 Kb5 56. Kg6 Kc4 
57. Bf4 Kd5 58. Be3 Nd6 59. f6 Ke6 60. Ba7 1/2-1/2

[Event "Wednesday Night Engine Tour 13 rd Swiss 3m+1s Starts at 2200hrs ST"]
[Site "Infinity Chess"]
[Date "2018.1.17"]
[Round "2"]
[White "Victorious"]
[Black "Gilgamesch"]
[Result "1/2-1/2"]
[ECO "A05"]
[WhiteElo "2568"]
[BlackElo "2577"]
[WhiteEngine "BugChess2.41_Release"]
[BlackEngine "BrainFish_171005_x64_bmi2"]
[EventType "Swiss"]
[WhiteTeam ""]
[BlackTeam ""]
[PlyCount "137"]
[TimeControl "180+1"]

1. Nf3 Nf6 2. d4 d5 3. e3 c5 4. Nbd2 e6 5. c3 b6 6. Bb5+ Nbd7 7. e4 dxe4 
8. Nxe4 Nxe4 9. Bc6 Rb8 10. Bxe4 Qc7 11. O-O Bd6 12. Bg5 h6 13. Bh4 f5 
14. dxc5 Nxc5 15. Bc2 O-O 16. b4 Ne4 17. Bg3 Rd8 18. Bxd6 Rxd6 19. Qe2 Qxc3 
20. Bxe4 fxe4 21. Qxe4 Bb7 22. Qf4 Rbd8 23. Rac1 Qf6 24. Qe5 R8d7 25. Rfe1 Bxf3 
26. Qxf6 gxf6 27. gxf3 Kg7 28. Re4 Kg6 29. Kg2 Kf5 30. Rh4 Rg7+ 31. Kf1 Rd3 
32. Rxh6 Rxf3 33. Rh5+ Kg4 34. Rh8 Rd7 35. Rc4+ Kf5 36. Rh5+ Kg6 37. Rch4 e5 
38. Kg2 Ra3 39. Rh6+ Kf5 40. Rh3 Rg7+ 41. Kf1 Rxh3 42. Rxh3 Kf4 43. Ke2 f5 
44. Rf3+ Ke4 45. Re3+ Kd4 46. Rf3 Ke4 47. Re3+ Kd5 48. h4 Rh7 49. Rh3 Ke4 
50. f3+ Kf4 51. b5 e4 52. fxe4 Kxe4 53. a4 Kf4 54. h5 Re7+ 55. Kf2 Rc7 
56. h6 Rh7 57. Rd3 Rxh6 58. Rd4+ Kg5 59. Rd7 f4 60. Rxa7 Rh3 61. Rf7 Rh2+ 
62. Kf3 Ra2 63. Rb7 Rxa4 64. Rg7+ Kh4 65. Re7 Ra1 66. Kxf4 Rf1+ 67. Ke5 Rb1 
68. Kd4 Rd1+ 69. Kc3 1/2-1/2

[Event "Wednesday Night Engine Tour 13 rd Swiss 3m+1s Starts at 2200hrs ST"]
[Site "Infinity Chess"]
[Date "2018.1.17"]
[Round "2"]
[White "ludimilojko"]
[Black "jery"]
[Result "1/2-1/2"]
[ECO "B90"]
[WhiteElo "2336"]
[BlackElo "2450"]
[WhiteEngine "CorChess 2.0_x64_CTG"]
[BlackEngine "stockfish_18011309_x64_modern_CTG"]
[EventType "Swiss"]
[WhiteTeam ""]
[BlackTeam ""]
[PlyCount "67"]
[TimeControl "180+1"]

1. e4 c5 2. Nf3 d6 3. d4 cxd4 4. Nxd4 Nf6 5. Nc3 a6 6. Be3 e5 7. Nb3 Be6 
8. Be2 Be7 9. Qd3 Nbd7 10. Nd5 O-O 11. O-O Bxd5 12. exd5 Ne8 13. a4 g6 
14. a5 Bg5 15. c4 f5 16. Rfe1 Rc8 17. Qc3 Ng7 18. Nd2 f4 19. Bb6 Nxb6 
20. axb6 Qxb6 21. Ne4 Be7 22. Rad1 Qc7 23. c5 Nf5 24. Bg4 Rcd8 25. cxd6 Bxd6 
26. Qxc7 Bxc7 27. Nc5 Rf7 28. Nxb7 Rb8 29. Nc5 Bd6 30. Ne4 Bb4 31. Nc3 Bd6 
32. Ne4 Bb4 33. Nc3 Bd6 34. Ne4 1/2-1/2

[Event "Wednesday Night Engine Tour 13 rd Swiss 3m+1s Starts at 2200hrs ST"]
[Site "Infinity Chess"]
[Date "2018.1.17"]
[Round "2"]
[White "star99"]
[Black "Vimtiroba"]
[Result "1-0"]
[ECO "D31"]
[WhiteElo "2467"]
[BlackElo "2549"]
[WhiteEngine "Cryptic AIL V1"]
[BlackEngine "SF@Infinity T1_CTG"]
[EventType "Swiss"]
[WhiteTeam ""]
[BlackTeam ""]
[PlyCount "94"]
[TimeControl "180+1"]

1. d4 d5 2. c4 e6 3. Nc3 c6 4. e4 dxe4 5. Nxe4 Bb4+ 6. Bd2 Qxd4 7. Bxb4 Qxe4+ 
8. Be2 Qxg2 9. Bf3 Qg5 10. Ne2 Na6 11. Rg1 Qf6 12. Bc3 e5 13. Ng3 Qe7 14. Qd2 f6 
15. O-O-O Be6 16. Ne4 Kf8 17. Bh1 Qc7 18. f4 exf4 19. Nd6 Rd8 20. Qxf4 h5 
21. Be4 Nc5 22. Bc2 a5 23. Rd2 b6 24. a3 a4 25. Kb1 Rd7 26. Be5 Qd8 27. Re1 Bf7 
28. Nxf7 Kxf7 29. Bd6 Nh6 30. Bxc5 bxc5 31. Rg2 Kf8 32. Rge2 Nf7 33. Qf5 g5 
34. Re6 Rd6 35. Qxc5 Kg7 36. Re7 Rd7 37. Rxd7 Qxd7 38. Re7 Qc8 39. Qa7 Rf8 
40. Bxa4 g4 41. Bc2 h4 42. Qe3 Rg8 43. Ka2 g3 44. hxg3 h3 45. Qe4 Kf8 
46. Ra7 Qe8 47. Qf5 h2 1-0

[Event "Wednesday Night Engine Tour 13 rd Swiss 3m+1s Starts at 2200hrs ST"]
[Site "Infinity Chess"]
[Date "2018.1.17"]
[Round "1"]
[White "denochss"]
[Black "Thinker"]
[Result "1/2-1/2"]
[ECO "C77"]
[WhiteElo "2400"]
[BlackElo "2500"]
[WhiteEngine "BrainFish_171111_x64_bmi2"]
[BlackEngine "BrainFish_180113_x64_modern_CTG"]
[EventType "Swiss"]
[WhiteTeam ""]
[BlackTeam ""]
[PlyCount "76"]
[TimeControl "180+1"]

1. e4 e5 2. Nf3 Nc6 3. Bb5 a6 4. Ba4 Nf6 5. O-O Be7 6. Re1 b5 7. Bb3 O-O 
8. c3 d5 9. exd5 Nxd5 10. Nxe5 Nxe5 11. Rxe5 c6 12. d4 Bd6 13. Re1 Qh4 
14. g3 Qh3 15. Be3 Bg4 16. Qd3 Rae8 17. Nd2 Re6 18. a4 Qh5 19. axb5 axb5 
20. Nf1 Bf5 21. Qd2 Bh3 22. Bd1 Qg6 23. Bf3 Qf5 24. Qd1 h5 25. Ra6 Bc7 
26. Be2 Qe4 27. Bf3 Qf5 28. Nd2 h4 29. Qb1 Nxe3 30. Be4 Rxe4 31. Qxe4 Qxe4 
32. Nxe4 Nc4 33. Rxc6 Bd8 34. b4 Nb6 35. Rd6 Bc7 36. Rc6 Bd8 37. Rd6 Bc7 
38. Rc6 Bd8 1/2-1/2

[Event "Wednesday Night Engine Tour 13 rd Swiss 3m+1s Starts at 2200hrs ST"]
[Site "Infinity Chess"]
[Date "2018.1.17"]
[Round "1"]
[White "MGR"]
[Black "avilllaa"]
[Result "1/2-1/2"]
[ECO "B90"]
[WhiteElo "2504"]
[BlackElo "2400"]
[WhiteEngine "raubfisch me262_gtz16b3."]
[BlackEngine "Cryptic AIL V1"]
[EventType "Swiss"]
[WhiteTeam ""]
[BlackTeam ""]
[PlyCount "184"]
[TimeControl "180+1"]

1. e4 c5 2. Nf3 d6 3. d4 cxd4 4. Nxd4 Nf6 5. Nc3 a6 6. Be3 e5 7. Nb3 Be7 
8. Be2 Be6 9. Qd3 O-O 10. O-O Nc6 11. a3 Rc8 12. Nd5 Nd7 13. Qd2 h6 14. Rad1 Bg5 
15. Bxg5 Qxg5 16. Qxg5 hxg5 17. h3 g6 18. c3 Rfd8 19. Rfe1 Kg7 20. Nd2 b5 
21. Nf3 f6 22. c4 Bxd5 23. cxd5 Ne7 24. Rc1 Rxc1 25. Rxc1 Rc8 26. Rxc8 Nxc8 
27. b3 Kf7 28. Nd2 Nc5 29. f3 Na7 30. b4 Na4 31. Nb3 Ke8 32. Na5 Nc8 33. Kf2 Ne7 
34. Ke3 Kd7 35. Nb3 Nc8 36. Kd2 Kc7 37. Kc2 Ne7 38. Bf1 Kd7 39. Kd2 f5 
40. g4 Kc7 41. Kc2 Nb6 42. Nd2 f4 43. Kc1 Nec8 44. Bd3 Kb7 45. Be2 Ne7 
46. Nb3 Kc7 47. Bd3 Na4 48. Kc2 Nb6 49. Nd2 Kd7 50. Be2 Na4 51. Kd3 Kc7 
52. Bf1 Nc8 53. Nb3 Nb2+ 54. Kc2 Na4 55. Be2 Nab6 56. Bf1 Na7 57. Bd3 Nac8 
58. Bf1 Ne7 59. Be2 Na4 60. Nc1 Nb6 61. Kb3 Nec8 62. Kc2 Nd7 63. Kd2 Ndb6 
64. Kc2 Na4 65. Kb3 Nab6 66. Bd3 Na4 67. Bf1 Ne7 68. Be2 Kd7 69. Kc2 Kc7 
70. Bf1 Kb7 71. Nb3 Kc7 72. Bd3 Kb7 73. Bf1 Kc7 74. Na5 Kd7 75. Kd2 Kc7 
76. Bd3 Nb6 77. Kc1 Na4 78. Kc2 Nb6 79. Kb3 Kd7 80. Kb2 Na4+ 81. Kc2 Nb6 
82. Kc3 Na4+ 83. Kb3 Kc7 84. Kc2 Kd7 85. Be2 Kc7 86. Bd1 Kd8 87. Kd2 Nb6 
88. Be2 Kc7 89. Kc3 Kd7 90. Bd1 Kc7 91. Bc2 Kd7 92. Bd3 Kc7 1/2-1/2

[Event "Wednesday Night Engine Tour 13 rd Swiss 3m+1s Starts at 2200hrs ST"]
[Site "Infinity Chess"]
[Date "2018.1.17"]
[Round "1"]
[White "miguello"]
[Black "Eman"]
[Result "1/2-1/2"]
[ECO "D31"]
[WhiteElo "2411"]
[BlackElo "2507"]
[WhiteEngine "stockfish_18011309_x64_modern_CTG"]
[BlackEngine "Eman SL 1.63 64-bit POPCNT"]
[EventType "Swiss"]
[WhiteTeam ""]
[BlackTeam ""]
[PlyCount "125"]
[TimeControl "180+1"]

1. d4 d5 2. c4 e6 3. Nc3 c6 4. Nf3 Nf6 5. Bg5 h6 6. Bh4 dxc4 7. e4 g5 8. Bg3 b5 
9. Be2 Bb7 10. h4 g4 11. Ne5 Nbd7 12. Nxd7 Qxd7 13. Be5 Qe7 14. a4 b4 
15. Nb1 Bg7 16. Nd2 c5 17. Nxc4 Rd8 18. Bd3 O-O 19. Na5 Ba8 20. Nb3 cxd4 
21. Bxf6 Qxf6 22. Qxg4 Kh8 23. Nd2 Qe5 24. Nf3 Qd6 25. O-O f5 26. exf5 exf5 
27. Qh3 Be4 28. Rad1 Qf4 29. Qh2 Qxh2+ 30. Kxh2 Bf6 31. Rfe1 Rfe8 32. Kg1 Kg7 
33. h5 Rd5 34. Kf1 b3 35. Re2 Bxf3 36. gxf3 Rxe2 37. Bxe2 Rc5 38. Rd3 Rc1+ 
39. Bd1 Be5 40. Ke2 Kf6 41. Rxb3 Bc7 42. Rd3 Rb1 43. b3 Rb2+ 44. Rd2 Rxd2+ 
45. Kxd2 Kg5 46. b4 Kxh5 47. Kd3 Kg5 48. Kxd4 Kf4 49. Kd3 a6 50. b5 axb5 
51. axb5 h5 52. Ke2 h4 53. Ke1 Bb6 54. Be2 Bd4 55. Kf1 Bb6 56. Bd1 Ke5 
57. Be2 Kf4 58. Bd1 Bd4 59. Kg2 Ba7 60. Be2 Bd4 61. Bd1 Ke5 62. Bc2 Kf4 63. Bd1 
1/2-1/2

[Event "Wednesday Night Engine Tour 13 rd Swiss 3m+1s Starts at 2200hrs ST"]
[Site "Infinity Chess"]
[Date "2018.1.17"]
[Round "1"]
[White "KhalidOmar"]
[Black "Dovahkiin"]
[Result "1/2-1/2"]
[ECO "B90"]
[WhiteElo "2510"]
[BlackElo "2427"]
[WhiteEngine "Eman SL 1.63 64-bit BMI2"]
[BlackEngine "corchess_x64_modern_CTG"]
[EventType "Swiss"]
[WhiteTeam ""]
[BlackTeam ""]
[PlyCount "111"]
[TimeControl "180+1"]

1. e4 c5 2. Nf3 d6 3. d4 cxd4 4. Nxd4 Nf6 5. Nc3 a6 6. Be3 e5 7. Nf3 Be7 
8. Bc4 O-O 9. O-O Be6 10. Bxe6 fxe6 11. Na4 Ng4 12. Qd3 Nxe3 13. Qxe3 b5 
14. Nb6 Ra7 15. Nd5 Rb7 16. Nxe7+ Qxe7 17. Rad1 Nd7 18. c3 Nf6 19. Ne1 a5 
20. f3 Rbb8 21. Nc2 Qc7 22. Qe2 Rfd8 23. Qd3 Rbc8 24. Ne3 Qc5 25. Kh1 a4 
26. Nc2 d5 27. exd5 exd5 28. Rd2 Qc4 29. Qxc4 bxc4 30. Kg1 Rb8 31. Ne3 Kf7 
32. a3 h5 33. Rfd1 Re8 34. h3 Rb5 35. Nxd5 Nxd5 36. Rxd5 Rxb2 37. Ra5 Rb3 
38. Rxa4 Rxc3 39. Ra5 Rc2 40. a4 c3 41. Rc5 Rd2 42. Rxd2 cxd2 43. Rd5 Ra8 
44. Rxd2 Rxa4 45. Kf2 Ke6 46. Ke3 h4 47. Kf2 g5 48. Rb2 Kf5 49. Ke2 Kf4 
50. Kf2 e4 51. fxe4 Rxe4 52. Re2 Rxe2+ 53. Kxe2 Ke4 54. Kf2 g4 55. hxg4 Kf4 
56. Ke1 1/2-1/2

[Event "Wednesday Night Engine Tour 13 rd Swiss 3m+1s Starts at 2200hrs ST"]
[Site "Infinity Chess"]
[Date "2018.1.17"]
[Round "1"]
[White "jery"]
[Black "incredible"]
[Result "1-0"]
[ECO "B28"]
[WhiteElo "2430"]
[BlackElo "2519"]
[WhiteEngine "stockfish_18011309_x64_modern_CTG"]
[BlackEngine "Stockfish_x64_bmi2"]
[EventType "Swiss"]
[WhiteTeam ""]
[BlackTeam ""]
[PlyCount "177"]
[TimeControl "180+1"]

1. e4 c5 2. Nf3 a6 3. c4 e6 4. Be2 Qb6 5. b3 Nc6 6. Bb2 Nf6 7. e5 Ng4 8. h3 Nh6 
9. Nc3 Nf5 10. O-O Nfd4 11. Ne4 Qc7 12. Nxd4 Nxd4 13. Bxd4 cxd4 14. f4 d6 
15. exd6 Bxd6 16. Nxd6+ Qxd6 17. Bf3 Rb8 18. Qe2 f6 19. Be4 Bd7 20. Rac1 Qc5 
21. Qd3 f5 22. Bf3 O-O 23. Rfe1 b6 24. Re5 Qa3 25. Rce1 Qd6 26. Qe2 a5 27. d3 h6 
28. Qb2 Rfc8 29. g4 g6 30. Qf2 Kh8 31. g5 Re8 32. gxh6 Kh7 33. Qg3 Rg8 
34. Qg5 Rbe8 35. Kf2 Qf8 36. h4 Qxh6 37. a3 Rh8 38. b4 axb4 39. axb4 Kg8 
40. Kg3 Rh7 41. Ra1 Qxg5+ 42. hxg5 Rb8 43. Re2 Bc8 44. b5 Kf8 45. Bc6 Kg8 
46. Rea2 Bb7 47. Bxb7 Rhxb7 48. Rh2 Kg7 49. Rah1 Kf8 50. Re1 Ke7 51. Rhe2 Kd6 
52. Rxe6+ Kc5 53. Rb1 Rc8 54. Re5+ Kd6 55. Rd5+ Ke6 56. Re1+ Kf7 57. Rd6 Ra8 
58. Rf6+ Kg7 59. Ree6 Kh7 60. Rxg6 Ra3 61. Rh6+ Kg8 62. Re8+ Kf7 63. Rc8 Kg7 
64. Rch8 Rxd3+ 65. Kh4 Rf7 66. R8h7+ Kg8 67. Rxf7 Kxf7 68. Rxb6 Kg7 69. Rd6 Rc3 
70. b6 Rc1 71. b7 Rh1+ 72. Kg3 Rg1+ 73. Kf2 Rb1 74. Rd7+ Kg6 75. c5 Kh5 
76. c6 Rb2+ 77. Kf3 Rb3+ 78. Ke2 Rb2+ 79. Kd3 Rb3+ 80. Kxd4 Kg4 81. g6 Rb4+ 
82. Kc3 Rb6 83. g7 Rxc6+ 84. Kd2 Rg6 85. b8=Q Rg5 86. Ke3 Rg6 87. g8=Q Rxg8 
88. Qxg8+ Kh5 89. Rh7# 1-0

[Event "Wednesday Night Engine Tour 13 rd Swiss 3m+1s Starts at 2200hrs ST"]
[Site "Infinity Chess"]
[Date "2018.1.17"]
[Round "1"]
[White "RonWeasley"]
[Black "star99"]
[Result "0-1"]
[ECO "B95"]
[WhiteElo "2521"]
[BlackElo "2448"]
[WhiteEngine "BrainFish 130117_CTG"]
[BlackEngine "Cryptic AIL V1"]
[EventType "Swiss"]
[WhiteTeam ""]
[BlackTeam ""]
[PlyCount "164"]
[TimeControl "180+1"]

1. e4 c5 2. Nf3 d6 3. d4 cxd4 4. Nxd4 Nf6 5. Nc3 a6 6. Bg5 e6 7. Qf3 Be7 
8. O-O-O Qc7 9. Bd3 Nbd7 10. Qg3 b5 11. Rhe1 h6 12. Bd2 b4 13. Nce2 Rb8 
14. Nf4 Nc5 15. Qxg7 Rg8 16. Qxh6 Ng4 17. Qh7 Nf6 18. Qh4 e5 19. Bc4 exd4 
20. Nd5 Nxd5 21. exd5 Kd8 22. Qxd4 f5 23. f3 Qb6 24. Be3 Kc7 25. Bf4 Bd8 
26. Kb1 a5 27. b3 Kb7 28. g3 Bd7 29. h4 Rc8 30. Re2 Qc7 31. h5 Na4 32. bxa4 Qxc4 
33. Qxc4 Rxc4 34. Rh1 Rh8 35. Bxd6 Rh7 36. Be5 Rc5 37. Rd2 Bxa4 38. h6 Bg5 
39. Bf4 Bxf4 40. gxf4 Rc8 41. Rg2 Kb6 42. Kb2 Kc5 43. Rh5 Bd7 44. Rg7 Rxg7 
45. hxg7 Rg8 46. Rg5 Kxd5 47. Rg6 a4 48. a3 Be8 49. Rf6 Rxg7 50. Rxf5+ Kc4 
51. Rg5 Rf7 52. f5 bxa3+ 53. Kxa3 Bd7 54. Rh5 Kc3 55. f6 Rxf6 56. Rd5 Rf7 
57. Rc5+ Kd4 58. Kb4 Be8 59. Rc4+ Kd5 60. Re4 Rb7+ 61. Kc3 Bc6 62. Rd4+ Kc5 
63. Rc4+ Kd6 64. Rd4+ Kc7 65. Rd1 Bxf3 66. Rf1 Bc6 67. Ra1 Rb8 68. Kc4 Rf8 
69. Rg1 Kb6 70. Kb4 Rf4+ 71. c4 Rf3 72. Rb1 Rf2 73. Re1 Rb2+ 74. Kc3 Rb3+ 
75. Kd4 a3 76. Rc1 a2 77. Ra1 Ra3 78. c5+ Kb5 79. Rb1+ axb1=Q+ 80. Ke5 Qg6 
81. Kf4 Rf3+ 82. Ke5 Qf6# 0-1

[Event "Wednesday Night Engine Tour 13 rd Swiss 3m+1s Starts at 2200hrs ST"]
[Site "Infinity Chess"]
[Date "2018.1.17"]
[Round "1"]
[White "ocirema"]
[Black "BraveDevil"]
[Result "1/2-1/2"]
[ECO "B90"]
[WhiteElo "2472"]
[BlackElo "2532"]
[WhiteEngine "stockfish_18011309_x64_modern_CTG"]
[BlackEngine "Cryptic AIL V1"]
[EventType "Swiss"]
[WhiteTeam ""]
[BlackTeam ""]
[PlyCount "107"]
[TimeControl "180+1"]

1. e4 c5 2. Nf3 d6 3. d4 cxd4 4. Nxd4 Nf6 5. Nc3 a6 6. Be3 e5 7. Nf3 Be7 
8. Bc4 O-O 9. O-O Qc7 10. Bb3 Nbd7 11. h3 b5 12. Nh4 Nc5 13. Nd5 Qd8 
14. Nf5 Bxf5 15. exf5 Nxb3 16. cxb3 Rc8 17. Nxf6+ Bxf6 18. Qd5 Qd7 19. g4 g6 
20. Rad1 gxf5 21. Qxd6 Qe6 22. Qxe6 fxe6 23. Rd6 f4 24. Bd2 Rfd8 25. Rxd8+ Rxd8 
26. Bc3 Kf7 27. Kg2 Kg6 28. Re1 Rd5 29. h4 Bxh4 30. Rxe5 Rxe5 31. Bxe5 Bf6 
32. Bxf4 Bxb2 33. Kf3 h5 34. gxh5+ Kxh5 35. Bd6 Bf6 36. Bc5 Kg6 37. Ke4 Bb2 
38. Bd6 Bf6 39. f3 Kg5 40. a4 Kg6 41. axb5 axb5 42. Be5 Be7 43. Bf4 Kf7 
44. Ke5 Bb4 45. Bg5 Ba3 46. Be3 Bf8 47. f4 Be7 48. Bf2 Bf6+ 49. Kd6 b4 
50. Be3 Bc3 51. Bb6 Kf6 52. Bc5 Kf5 53. Kd7 Kxf4 54. Kxe6 1/2-1/2

[Event "Wednesday Night Engine Tour 13 rd Swiss 3m+1s Starts at 2200hrs ST"]
[Site "Infinity Chess"]
[Date "2018.1.17"]
[Round "1"]
[White "Vimtiroba"]
[Black "OlivierEvan"]
[Result "1-0"]
[ECO "B12"]
[WhiteElo "2535"]
[BlackElo "2477"]
[WhiteEngine "SF@Infinity T1_CTG"]
[BlackEngine "Houdini 6"]
[EventType "Swiss"]
[WhiteTeam ""]
[BlackTeam ""]
[PlyCount "193"]
[TimeControl "180+1"]

1. e4 c6 2. d4 d5 3. e5 Bf5 4. Nf3 e6 5. Be2 Nd7 6. O-O h6 7. c3 Ne7 8. Nbd2 g5 
9. Re1 Qc7 10. Nf1 Bh7 11. Ng3 c5 12. dxc5 Nxc5 13. Nh5 Nd7 14. Nd4 Nc6 
15. Nb5 Qxe5 16. Bd3 Be4 17. Be3 Bxd3 18. Qxd3 g4 19. Bd4 Qxh5 20. Bxh8 O-O-O 
21. c4 a6 22. cxd5 Nc5 23. Qh7 exd5 24. Nd4 Ne4 25. Bg7 Nxd4 26. Bxd4 Bd6 
27. g3 Kb8 28. Be3 Bc5 29. Rf1 Bxe3 30. fxe3 Ng5 31. Qf5 Nh3+ 32. Kh1 Qxf5 
33. Rxf5 Rc8 34. a4 Rc2 35. a5 Ng5 36. Rxd5 Rxb2 37. Rd6 Nf3 38. Rxh6 Ka7 
39. Rd1 Ra2 40. Rh5 Nd2 41. Rf5 Nf3 42. Rh5 Nd2 43. e4 Kb8 44. Rh7 Nxe4 
45. Rd8+ Kc7 46. Rg8 Nd6 47. Rxg4 Ra1+ 48. Kg2 Ra2+ 49. Kf3 Ra3+ 50. Ke2 Ra2+ 
51. Kd3 Ra3+ 52. Kc2 Rxa5 53. Rd4 b5 54. g4 Nc4 55. Rxf7+ Kb6 56. Re4 Ra2+ 
57. Kc3 Kc6 58. Rf5 Ra3+ 59. Kd4 Ra4 60. Re6+ Nd6+ 61. Ke3 Kd7 62. Rff6 Ne8 
63. Rh6 Rxg4 64. Rxa6 Rg7 65. Ra7+ Nc7 66. h4 Kd8 67. Kf3 Rf7+ 68. Kg4 Kc8 
69. Rh8+ Kd7 70. h5 Rg7+ 71. Kf5 Kd6 72. Rd8+ Kc5 73. Rc8 Rf7+ 74. Kg4 Rg7+ 
75. Kh3 Rg1 76. Raxc7+ Kd6 77. h6 Rh1+ 78. Kg2 Re1 79. h7 Re2+ 80. Kf3 Rh2 
81. h8=R Rxh8 82. Rxh8 Kxc7 83. Ke4 Kd6 84. Kd4 b4 85. Rh6+ Ke7 86. Kc4 Kf7 
87. Kxb4 Kg7 88. Rd6 Kf7 89. Kb5 Ke8 90. Kc6 Ke7 91. Kc7 Kf8 92. Rd7 Kg8 
93. Kd6 Kh8 94. Ke5 Kg8 95. Kf6 Kh8 96. Kg6 Kg8 97. Rd8# 1-0

[Event "Wednesday Night Engine Tour 13 rd Swiss 3m+1s Starts at 2200hrs ST"]
[Site "Infinity Chess"]
[Date "2018.1.17"]
[Round "1"]
[White "Cepri"]
[Black "Victorious"]
[Result "1/2-1/2"]
[ECO "C50"]
[WhiteElo "2480"]
[BlackElo "2572"]
[WhiteEngine "asmFishW_12J18Mb_CTG"]
[BlackEngine "BugChess2.41_Release"]
[EventType "Swiss"]
[WhiteTeam ""]
[BlackTeam ""]
[PlyCount "108"]
[TimeControl "180+1"]

1. e4 e5 2. Nf3 Nc6 3. Bc4 Bc5 4. d3 Nf6 5. c3 O-O 6. O-O d6 7. h3 a5 8. Nbd2 h6 
9. Re1 Be6 10. b3 Bb6 11. a4 d5 12. Bb5 Ne7 13. exd5 Nfxd5 14. Qc2 c6 
15. Bc4 Ng6 16. d4 Ngf4 17. dxe5 Qc8 18. Bf1 Bxh3 19. gxh3 Nxh3+ 20. Kh2 Nxf2 
21. Nc4 Qg4 22. Nxb6 Qxf3 23. Nxd5 cxd5 24. Re2 Ne4 25. Bg2 Qg3+ 26. Kg1 f5 
27. exf6 Rxf6 28. Re3 Qh4 29. Qe2 Rg6 30. Bd2 Rg4 31. Rf1 Ra6 32. Be1 Qg5 
33. Rh3 Re6 34. Rh2 Kh7 35. Qd3 Rg6 36. Qe2 Re6 37. Rf8 Rg6 38. Rf3 Qe7 
39. c4 d4 40. Qd3 Qa3 41. Qc2 Qc5 42. Qd3 Qg5 43. Qf1 Qc1 44. Kh1 b6 
45. Rfh3 Qd1 46. Rf3 Qc1 47. Rfh3 Rf4 48. Qg1 Ng5 49. Rg3 Qc2 50. Bd5 Qf5 
51. Rf2 Rh4+ 52. Rh2 Rf4 53. Rf2 Rh4+ 54. Rh2 Rf4 1/2-1/2

[Event "Wednesday Night Engine Tour 13 rd Swiss 3m+1s Starts at 2200hrs ST"]
[Site "Infinity Chess"]
[Date "2018.1.17"]
[Round "1"]
[White "Gilgamesch"]
[Black "marudam"]
[Result "1/2-1/2"]
[ECO "C50"]
[WhiteElo "2581"]
[BlackElo "2484"]
[WhiteEngine "BrainFish_171005_x64_bmi2"]
[BlackEngine "stockfish291217_CTG"]
[EventType "Swiss"]
[WhiteTeam ""]
[BlackTeam ""]
[PlyCount "195"]
[TimeControl "180+1"]

1. e4 e5 2. Nf3 Nc6 3. Bc4 Bc5 4. Bb3 Nf6 5. d3 a5 6. c3 d6 7. a4 h6 8. h3 O-O 
9. O-O d5 10. exd5 Nxd5 11. Nxe5 Nxe5 12. d4 Nb4 13. dxe5 Nd3 14. Nd2 Qh4 
15. Qe2 Nf4 16. Qf3 Bxh3 17. g3 Ne2+ 18. Kh2 Qg4 19. Qxg4 Bxg4 20. Bd1 Rad8 
21. Ne4 Bb6 22. Bxh6 Bf3 23. Nd2 Bh5 24. Bg5 f6 25. Bb3+ Kh7 26. Bc2+ Bg6 
27. Ne4 fxg5 28. Rae1 Kh6 29. Rxe2 Bh5 30. Ree1 Bf3 31. e6 Rfe8 32. g4 Rxe6 
33. Kg3 Rf8 34. Rh1+ Bxh1 35. Rxh1+ Kg6 36. Nc5+ Kf7 37. Nxe6 Kxe6 38. Re1+ Kd5 
39. Bb3+ Kc6 40. Re6+ Kd7 41. f3 Re8 42. Rg6 Be3 43. Rxg7+ Kc6 44. Bc4 Rd8 
45. Re7 Bf4+ 46. Kf2 Kc5 47. Bf7 Rd2+ 48. Re2 Rd3 49. Bg6 Rd8 50. Re7 Rd2+ 
51. Re2 Rd1 52. b3 Kb6 53. Bf5 Rc1 54. Rc2 Rh1 55. Be4 c6 56. Bg6 Kc5 
57. Ke2 Rh2+ 58. Kd3 Rh1 59. Re2 Rf1 60. Ke4 Ra1 61. Kd3 Rf1 62. Ke4 Ra1 
63. Bf5 Rf1 64. Bc8 Rb1 65. Be6 Rf1 66. Bc4 Rc1 67. Kd3 b6 68. Bf7 Rd1+ 
69. Ke4 Rc1 70. Kd3 Rf1 71. Ke4 Rd1 72. Be8 Rc1 73. c4 Rc3 74. Kf5 Rxb3 
75. Re6 Rxf3 76. Rxc6+ Kd4 77. Kg6 Rb3 78. Rf6 Be3 79. Kf5 Kc3 80. Re6 Kb4 
81. Bb5 Kc5 82. Bd7 Kxc4 83. Ke4 Kb4 84. Kf5 Rc3 85. Bb5 Kb3 86. Bd7 Kb2 
87. Kg6 Ra3 88. Kf5 Kc2 89. Rxe3 Rxe3 90. Kxg5 b5 91. Bxb5 Rg3 92. Kf4 Rg2 
93. g5 Kc3 94. g6 Rxg6 95. Ke3 Rg1 96. Be2 Ra1 97. Bb5 Rb1 98. Be2 1/2-1/2

[Event "Wed Night Engine Tour 13 Rd Swiss 3m+1s Starts at 2200hrs ST"]
[Site "Infinity Chess"]
[Date "2018.1.31"]
[Round "10"]
[White "RonWeasley"]
[Black "Dovahkiin"]
[Result "1/2-1/2 "]
[ECO "C53"]
[WhiteElo "2505"]
[BlackElo "2462"]
[WhiteEngine "BrainFish 060118_CTG"]
[BlackEngine "BrainFish_180128_x64_modern_CTG"]
[EventType "Swiss"]
[WhiteTeam ""]
[BlackTeam ""]
[PlyCount "267"]
[TimeControl "180+1"]

1. e4 e5 2. Nf3 Nc6 3. Bc4 Bc5 4. c3 Nf6 5. d3 d6 6. Bb3 O-O 7. O-O a5 8. Bg5 h6 
9. Bh4 g5 10. Bg3 g4 11. Nh4 Nh5 12. a4 Qg5 13. Na3 Bd7 14. Re1 Nxg3 
15. hxg3 Qf6 16. Rf1 h5 17. Kh2 Qg7 18. Nc2 Rae8 19. Ne3 Ne7 20. Rc1 Rc8 
21. Rc2 c6 22. Re2 Rcd8 23. Qc2 b5 24. Qd2 Be6 25. Bxe6 fxe6 26. axb5 cxb5 
27. Rd1 Ng6 28. Nxg6 Qxg6 29. d4 exd4 30. cxd4 Bb4 31. Qd3 d5 32. Nf1 Rd7 
33. Kg1 Rb8 34. Qb3 dxe4 35. Qc2 Bf8 36. Rxe4 a4 37. Qe2 Rd6 38. Re5 b4 
39. Ra5 Bg7 40. Rxa4 Bxd4 41. Kh2 Rf8 42. Ne3 e5 43. Rda1 Kg7 44. Ra8 Rdf6 
45. Rxf8 Rxf8 46. Ra4 b3 47. Rb4 Kh8 48. Rb7 Qf6 49. Kg1 Qc6 50. Rxb3 Qg6 
51. Nd1 Qb1 52. Kh2 Qg6 53. Ra3 Qg5 54. Qe4 Qf5 55. Qb7 Qf7 56. Qb4 Kg7 
57. Qb5 Qe7 58. Rb3 Qf6 59. Qe2 Kh8 60. Kg1 Qg6 61. Kh2 Qf6 62. Qc2 Qf5 
63. Qd2 Qf6 64. Qe2 Qg5 65. Qc2 Qf5 66. Qc1 Qf6 67. Kg1 h4 68. Qc2 Qh6 
69. Ra3 Rg8 70. Qe2 Qg6 71. Kf1 hxg3 72. Rxg3 Rg7 73. b4 Rh7 74. Qc4 Ra7 
75. Qc8+ Qg8 76. Qxg4 Qxg4 77. Rxg4 Rb7 78. Rg3 Rxb4 79. Nc3 Bxc3 80. Rxc3 Kg7 
81. g3 Kf6 82. Rc6+ Kf7 83. Ke2 Rb3 84. Rc4 Kg6 85. f3 Kf5 86. g4+ Kg6 
87. Re4 Rb5 88. Ra4 Rb2+ 89. Ke3 Kf6 90. Ra3 Rb6 91. Kf2 Rb2+ 92. Ke3 Rb6 
93. Rc3 Re6 94. Rd3 Rb6 95. Rc3 Ke7 96. Rc4 Rd6 97. Rc7+ Ke6 98. Rh7 Rd8 
99. Rh5 Ra8 100. Rh6+ Kd5 101. Rh5 Ke6 102. Rh6+ Kd5 103. Kf2 Ra3 104. Rh5 Ke6 
105. Rh8 Kf6 106. Rb8 Kg6 107. Rb7 Ra2+ 108. Ke3 Rg2 109. Ke4 Re2+ 110. Kd3 Rg2 
111. Ke4 Re2+ 112. Kd3 Rf2 113. Ke3 Rg2 114. Rb3 Kf6 115. Rb8 Rh2 116. Rf8+ Ke6 
117. Re8+ Kf6 118. Ra8 Ke7 119. Ra4 Rb2 120. Ra5 Kf6 121. Ke4 Rb4+ 122. Ke3 Rf4 
123. Ra8 Kf7 124. Ra3 Rb4 125. Ra7+ Kg6 126. Kf2 Rb2+ 127. Kg3 Rb4 128. Ra8 Rb6 
129. Ra4 Re6 130. Kf2 Rf6 131. Rc4 Rb6 132. Rc3 Rd6 133. Rc8 Re6 134. Ke3 
1/2-1/2